 Dungeon Crawl Stone Soup version 0.27.1-34-g3ba077fa99 (webtiles) character file.

Game seed: 7314557517901724506

135 alasdair19 the Shield-Bearer (level 4, 0/40 HPs)
             Began as a Minotaur Fighter on Jan 15, 2022.
             Killed by nerve-wracking pain
             ... invoked by Grinder
              (9 damage)
             ... on level 3 of the Dungeon.
             The game lasted 00:04:48 (2244 turns).

alasdair19 the Shield-Bearer (Minotaur Fighter)     Turns: 2244, Time: 00:04:48

Health: 0/40       AC: 11    Str: 27    XL:     4   Next: 97%
Magic:  3/3        EV:  7    Int:  5    God:
Gold:   60         SH: 10    Dex: 10    Spells: 3/3 levels left

rFire    . . .     SeeInvis .   e - +0 falchion
rCold    . . .     Faith    .   c - +0 kite shield
rNeg     . . .     Spirit   .   r - +0 chain mail
rPois    .         Reflect  .   (helmet restricted)
rElec    .         Harm     .   (no cloak)
rCorr    .         Rampage  .   (no gloves)
Will     .....                  l - +1 pair of boots
Stlth    ..........             (no amulet)
HPRegen  0.13/turn              p - +6 ring of strength
MPRegen  0.08/turn              (no ring)

@: no status effects
A: horns 2, retaliatory headbutt
a: no special abilities


You were on level 3 of the Dungeon.
You visited 1 branch of the dungeon, and saw 3 of its levels.

You collected 60 gold pieces.

Inventory:

Hand Weapons
 a - a +0 long sword
 e - a +0 falchion (weapon)
 m - a +1 dagger of electrocution
Missiles
 h - 15 sling bullets
 n - 2 boomerangs
 q - 2 javelins (quivered)
Armour
 b - a +0 scale mail
 c - a +0 kite shield (worn)
 l - a +1 pair of boots (worn)
 r - a +0 chain mail (worn)
Jewellery
 p - a +6 ring of strength (left hand)
Scrolls
 i - a scroll of immolation {unknown}
 k - a scroll of fear {unknown}
 o - a scroll of enchant armour {unknown}
Potions
 d - a potion of might
 f - a potion of haste
 g - 2 potions of heal wounds
 j - a potion of curing


   Skills:
 + Level 4.1 Fighting
 + Level 3.9 Long Blades
 + Level 0.2 Throwing
 + Level 4.3 Armour
 + Level 1.4 Dodging
 + Level 4.8 Shields


You had 3 spell levels left.
You didn't know any spells.
Your spell library contained the following spells:

 Spells                   Type           Power      Damage    Failure   Level
 Corpse Rot               Necr/Air       N/A        N/A       100%        2
 Poisonous Vapours        Pois/Air       0%         N/A       100%        2
 Freezing Cloud           Conj/Ice/Air   0%         6-21      100%        5


Dungeon Overview and Level Annotations

Branches:
Dungeon (3/15)

Altars:

Annotations:
D:3 Grinder


Innate Abilities, Weirdness & Mutations

You have a pair of horns on your head.
You reflexively headbutt those who attack you in melee.


Message History

A rat and Grinder come into view.
Grinder shouts!
Grinder moves out of view.
Found 11 gold pieces.
Grinder gestures at you. You resist with significant effort.
Throw: 4 javelins
Press: ? - help, Q - select action, (/) - cycle Shift-Dir - straight line, f - Grinder
Aim: Grinder (53% to hit)
You throw a javelin.
The javelin pierces through Grinder but does no damage.
Throw: 3 javelins
Press: ? - help, Q - select action, (/) - cycle Shift-Dir - straight line, f/p - Grinder
Aim: Grinder (53% to hit)
You throw a javelin. The javelin pierces through Grinder.
Grinder is lightly wounded.
You hit Grinder.
Grinder is moderately wounded.
Grinder hits you.
You writhe in agony.
Grinder gestures at you.
You suddenly lose the ability to move!
Grinder hits you. Grinder hits you but does no damage. Grinder hits you!
You writhe in agony.
Grinder hits you but does no damage. Grinder hits you but does no damage.
You can move again.
You barely miss Grinder. Your headbutt misses Grinder.
Grinder is moderately wounded.
You block Grinder's attack.
You hit Grinder.
Grinder is moderately wounded.
Grinder gestures at you. Pain shoots through your body!
* * * LOW HITPOINT WARNING * * *
You barely miss Grinder.
Grinder is moderately wounded.
Grinder gestures at you. Pain shoots through your body!
You die...

#....##.# #.......#
###### #.......#
#....###.##.##.#.##
####.....†..##.......>
#.......##........#.#.
#.##.#..##...#.#..#...
# #............# ..
#@###.....#.##
#...r5.# #...###.#
#........ ..... #
$........##.....
(........##.....
(........# #.........
##.....###


You could see Grinder and a rat.

Vanquished Creatures
  A scorpion (D:3)
  4 adders
  2 worms
  3 orcs (D:2)
  An endoplasm (D:2)
  A giant cockroach (D:2)
  5 hobgoblins
  A kobold (D:2)
  A quokka (D:2)
  4 ball pythons
  2 bats (D:1)
  5 frilled lizards
  6 goblins
  3 rats
39 creatures vanquished.

Notes
Turn   | Place    | Note
-------+----------+-------------------------------------------
     0 | D:1      | alasdair19 the Minotaur Fighter began the quest for the
                  | Orb.
     0 | D:1      | Reached XP level 1. HP: 19/19 MP: 0/0
   634 | D:1      | Reached XP level 2. HP: 27/27 MP: 1/1
  1166 | D:2      | Reached XP level 3. HP: 29/33 MP: 2/2
  1884 | D:2      | Reached skill level 1 in Dodging
  1984 | D:3      | Reached XP level 4. HP: 27/40 MP: 3/3
  2187 | D:3      | Noticed a scorpion
  2199 | D:3      | Killed a scorpion
  2232 | D:3      | Noticed Grinder
  2236 | D:3      | Paralysed by Grinder for 6 turns
  2244 | D:3      | Killed from afar by Grinder

Illustrated notes

Levels and vault maps discovered:
D:1:      wheals_arrival_shading, layout_loops_corners, minmay_pentomino_q2
D:2:      layout_basic, guppyfry_early_orc_mine
D:3:      layout_loops_cross, uniq_grinder

Skill      XL: |  1  2  3 |
---------------+----------+-----
Shields        | 4 |  4.8
Armour         | 4 |  4.3
Fighting       | 4 |  4.1
Long Blades    | 3 |  3.9
Dodging        | 1 |  1.4
Throwing       | |  0.2

Action                   |  1- 3 |  4- 6 || total
-------------------------+-------+-------++-------
Melee: Long sword        |    77 |       ||    77
       Headbutt          |     8 |     2 ||    10
       Falchion          |    16 |    11 ||    27
Throw: Boomerang         |     1 |       ||     1
       Javelin           |       |     2 ||     2
  Use: Scroll            |     4 |       ||     4
Armor: Scale mail        |    39 |       ||    39
       Chain mail        |       |     6 ||     6
Dodge: Dodged            |    35 |     3 ||    38
Block: Kite shield       |    53 |     6 ||    59
       Rpst.: Long sword |     6 |       ||     6
       Falchion          |     1 |     1 ||     2
